General information
- name: BNet
- type: Ladder 1vs1/FFA
- host: Battle.net
- saver: coL.Gate
map: TerenasStand
- players: 2
- length: 26:36
- speed: Fast
- version: 1.26 W3XP
- replay type: Public
» download(95 KB)
Players
team 1 (winner)
coL.Gate (
blue | 77 APM | 2053 actions | 26:36)
8 Blademaster
3 Wind Walk
3 Critical Strike
1 Bladestorm
1 Mirror Image
» actions
| Assign group hotkey | 65 | |
| Basic commands | 29 | |
| Build / train | 79 | |
| Enter build submenu | 34 | |
| Enter hero's abilities submenu | 8 | |
| Give item / drop item | 11 | |
| Right click | 1003 | |
| Select / deselect | 266 | |
| Select group hotkey | 396 | |
| Use ability | 162 | |
2053 total
» units
| Peon | 10 | |
| Wind Rider | 7 | |
| Goblin Shredder | 1 | |
| Troll Batrider | 12 | |
| Troll Witch Doctor | 1 | |
| Spirit Walker | 1 | |
32 total
» upgrades
| Ranged Weapons | 3 | |
| Envenomed Spears | 1 | |
| Liquid Fire | 1 | |
| Reinforced Defenses | 1 | |
| Armor | 4 | |
| Witch Doctor Training | 2 | |
| Spirit Walker Training | 2 | |
| Troll Regeneration | 1 | |
15 total
» buildings
| Altar of Storms | 1 | |
| Orc Burrow | 6 | |
| Voodoo Lounge | 2 | |
| War Mill | 1 | |
| Stronghold | 1 | |
| Watch Tower | 14 | |
| Beastiary | 3 | |
| Fortress | 1 | |
| Spirit Lodge | 1 | |
| Great Hall | 1 | |
| Barracks | 1 | |
32 total
» build order
00:04 Altar of Storms
00:18 Orc Burrow
00:49 Voodoo Lounge
01:20 Orc Burrow
01:44 War Mill
03:05 Stronghold
03:09 Watch Tower
03:31 Watch Tower
03:38 Watch Tower
04:50 Orc Burrow
05:28 Beastiary
05:34 Beastiary
06:07 Watch Tower
06:23 Fortress
08:51 Orc Burrow
11:06 Watch Tower
11:07 Watch Tower
11:07 Watch Tower
11:08 Watch Tower
11:26 Watch Tower
11:36 Watch Tower
11:56 Spirit Lodge
12:10 Watch Tower
15:11 Beastiary
15:36 Watch Tower
15:38 Orc Burrow
16:04 Great Hall
16:24 Watch Tower
17:10 Watch Tower
17:54 Voodoo Lounge
19:29 Barracks
22:07 Orc Burrow
» items
| Lesser Clarity Potion | 6 | |
| Healing Salve | 4 | |
| Scroll of Speed | 2 | |
| Boots of Speed | 1 | |
| Orb of Lightning | 1 | |
| Periapt of Vitality | 1 | |
| Potion of Lesser Invulnerability | 1 | |
| Potion of Healing | 4 | |
| Potion of Mana | 1 | |
21 total
team 2 (loser)
12334 (
orange | 171 APM | 4546 actions | 26:33)
3 Demon Hunter
2 Mana Burn
1 Evasion
3 Naga Sea Witch
2 Frost Arrows
1 Forked Lightning
2 Beastmaster
1 Summon Hawk
1 Summon Quilbeast
» actions
| Assign group hotkey | 27 | |
| Basic commands | 13 | |
| Build / train | 142 | |
| Enter build submenu | 29 | |
| Enter hero's abilities submenu | 9 | |
| Give item / drop item | 4 | |
| Right click | 1661 | |
| Select / deselect | 581 | |
| Select group hotkey | 2016 | |
| Use ability | 64 | |
4546 total
» units
| Wisp | 35 | |
| Druid of the Talon | 11 | |
| Chimaera | 6 | |
52 total
» upgrades
| Ultravision | 2 | |
| Reinforced Hides | 3 | |
| Strength of the Wild | 2 | |
| Corrosive Breath | 1 | |
| Nature's Blessing | 1 | |
9 total
» buildings
| Altar of Elders | 1 | |
| Moon Well | 9 | |
| Ancient of War | 1 | |
| Hunter's Hall | 1 | |
| Tree of Ages | 6 | |
| Ancient Protector | 7 | |
| Ancient of Wonders | 2 | |
| Tree of Eternity | 7 | |
| Ancient of Wind | 1 | |
| Chimaera Roost | 1 | |
36 total
» build order
00:14 Altar of Elders
00:22 Moon Well
00:38 Ancient of War
01:27 Moon Well
01:45 Moon Well
02:23 Hunter's Hall
02:36 Moon Well
03:31 Tree of Ages
03:31 Tree of Ages
03:39 Moon Well
04:55 Ancient Protector
06:46 Ancient of Wonders
07:50 Tree of Eternity
07:50 Tree of Eternity
07:50 Tree of Eternity
07:50 Tree of Eternity
08:16 Ancient of Wind
10:24 Chimaera Roost
11:58 Moon Well
12:04 Moon Well
12:48 Ancient Protector
13:06 Ancient Protector
13:21 Ancient Protector
13:31 Ancient Protector
13:46 Ancient Protector
15:58 Ancient of Wonders
16:19 Moon Well
16:28 Moon Well
18:14 Ancient Protector
» items
| Dust of Appearance | 1 | |
| Potion of Healing | 3 | |
| Orb of Venom | 2 | |
6 total
Chat log
(22:00 / All) coL.Gate: LOL
(22:20 / All) coL.Gate: if you have a maphack why not stop my expo? :D
(22:33 / All) coL.Gate: yep no owl scouts
(25:06 / All) coL.Gate: HACKER DOWN
(26:32 / All) coL.Gate: RAGEQUIT